 Dungeon Crawl Stone Soup version 0.31.0-9-g3a7656b989 (console) character file.

Game seed: 11981998645651321780

48 Colgate the Shield-Bearer (level 3, -6/33 HPs)
             Began as a Minotaur Fighter on Jan 24, 2024.
             Mangled by a centaur
             ... wielding a +0 hand axe
              (7 damage)
             ... on level 3 of the Dungeon.
             The game lasted 00:01:31 (1246 turns).

Colgate the Shield-Bearer (Minotaur Fighter)        Turns: 1246, Time: 00:01:31

Health: -6/33      AC:  7    Str: 22    XL:     3   Next: 50%
Magic:  2/2        EV:  6    Int:  5    God:
Gold:   57         SH:  4    Dex:  9    Spells: 2/2 levels left

rFire   . . .        a - +0 war axe
rCold   . . .        c - +0 buckler
rNeg    . . .        b - +0 scale mail
rPois   .            (helmet restricted)
rElec   .            (no cloak)
rCorr   .            (no gloves)
SInv    .            (no boots)
Will    .....        (no amulet) Stlth
                     (no ring)
HPRegen 0.25/turn    (no ring)
MPRegen 0.08/turn

%: no passive effects
@: constricted
A: horns 2, retaliatory headbutt
a: no special abilities


You were on level 3 of the Dungeon.
You visited 1 branch of the dungeon, and saw 3 of its levels.

You collected 57 gold pieces.

Inventory:

Hand Weapons
 a - a +0 war axe (weapon)
Armour
 b - a +0 scale mail (worn)
 c - a +0 buckler (worn)
Jewellery
 g - a +6 ring of intelligence
 n - an amulet of the acrobat
Wands
 l - a wand of flame (7)
Scrolls
 e - 2 scrolls of vulnerability {unknown}
 f - 2 scrolls of immolation
 h - a scroll of fog {unknown}
 o - a scroll of identify {unknown}
Potions
 d - a potion of might {@q3}
 i - a potion of cancellation {unknown}
 j - 2 potions of heal wounds {unknown}
 k - a potion of enlightenment {unknown}
 m - 2 potions of brilliance {unknown}


   Skills:
 + Level 4.1 Fighting
 - Level 3.2 Axes
 - Level 4.1 Armour
 - Level 4.1 Shields


You had 2 spell levels left.
You didn't know any spells.
Your spell library contained the following spells:

 Spells                   Type           Power      Damage    Failure   Level
 Gell's Gravitas          Tloc           0%         N/A       99%         3
 Teleport Other           Tloc           0%         N/A       99%         3
 Dispersal                Tloc           0%         N/A       100%        6


Dungeon Overview and Level Annotations

Branches:
Dungeon (3/15)

Altars:

Shops:
D:1 [   D:2 :


Innate Abilities, Weirdness & Mutations

You have a pair of horns on your head.
You reflexively headbutt those who attack you in melee.


Message History

You are too injured to fight recklessly!
There are monsters nearby!
You are too injured to fight recklessly!
There are monsters nearby!
You are too injured to fight recklessly!
There are monsters nearby!
You are too injured to fight recklessly!
There are monsters nearby!
Unknown command.
Unknown command.
Unknown command.
Unknown command.
A ball python comes into view.
The centaur unwields a +2 orcbow of flaming.
It stops flaming.
The centaur wields a +0 hand axe.
The centaur hits you with a +0 hand axe.
The centaur kicks you. The endoplasm hits you.
You hit the centaur but do no damage. You barely miss the endoplasm.
The centaur completely misses you. You furiously retaliate!
You headbutt the centaur. The centaur kicks you.
* * * LOW HITPOINT WARNING * * *
The centaur hits you with a +0 hand axe.
* * * LOW HITPOINT WARNING * * *
The centaur kicks you but does no damage.
The endoplasm hits you but does no damage.
The centaur closely misses you. The centaur barely misses you.
You barely miss the centaur. You headbutt the centaur! You hit the endoplasm.
The centaur hits you with a +0 hand axe.
* * * LOW HITPOINT WARNING * * *
The centaur kicks you but does no damage.
The endoplasm hits you.
* * * LOW HITPOINT WARNING * * *
The ball python bites you but does no damage.
The ball python grabs you. The ball python constricts you.
* * * LOW HITPOINT WARNING * * *
The centaur barely misses you. x2
You hit the centaur. Your headbutt misses the centaur.
You barely miss the endoplasm. You hit the ball python.
The endoplasm freezes you.
You are frozen.
* * * LOW HITPOINT WARNING * * *
The centaur hits you with a +0 hand axe!
You die...

...### #.#### #..... .......
#####. .......#### # #.
..........###. ##
............. ######
#<...S....# #.....
######...J.o...# ..####
#...##....cS...# #. #...#
#@J# #. #...# ##.####...##.
#... #...## ###............
..##
#....####...###.###.#.#.#.
##.#...†..### #.# #.#.#.#
##.###...######. #.#.#.#
#...............###.#...###.
#.......#######...#.#.......
#..........## #.......†....#
#####..###..#####...##.###..
##.# ##........###.#


You could see a centaur, an orc, 2 endoplasms and 2 ball pythons.

Vanquished Creatures
  A ribbon worm (D:3)
  4 endoplasms
  2 giant cockroaches (D:1)
  2 goblins
  5 hobgoblins
  8 jackals
  2 kobolds
  A quokka (D:1)
  3 ball pythons
  4 bats
  4 frilled lizards
  2 rats
38 creatures vanquished.

Notes
Turn   | Place    | Note
-------+----------+-------------------------------------------
     0 | D:1      | Colgate the Minotaur Fighter began the quest for the Orb.
     0 | D:1      | Reached XP level 1. HP: 19/19 MP: 0/0
    78 | D:1      | Found Osmef Ecyun's Antique Armour Boutique.
   166 | D:1      | Reached XP level 2. HP: 27/27 MP: 1/1
   236 | D:1      | Found a faded altar of an unknown god.
   386 | D:1      | Reached XP level 3. HP: 33/33 MP: 2/2
   700 | D:2      | Found Iveul's Book Shop.
  1241 | D:3      | Noticed a centaur
  1246 | D:3      | HP: 1/33 [frozen (2)]
  1246 | D:3      | Mangled by a centaur

Illustrated notes

Levels and vault maps discovered:
D:1:      noname_arrival_rooms_in_the_neighbourhood, layout_rooms, serial_shops,
          nicolae_shop_just_a_little_nook, hellmonk_ecumenical_altar_blasted
D:2:      layout_loops_cross, serial_shops, shop, st_stairs_13
D:3:      layout_rooms, amethyst_overflow_temple_binary

Skill      XL: |  1  2 |
---------------+-------+-----
Fighting       | 4 |  4.1
Shields        | 4 |  4.1
Armour         | 4 |  4.1
Axes           | 3 |  3.2

Action                     || total
---------------------------++-------
  Melee: War axe           ||    85
         Headbutt          ||     6
 Armour: Scale mail        ||    71
  Dodge: Dodged            ||    48
  Block: Buckler           ||    17
